 Dungeon Crawl Stone Soup version 0.31-a0-188-g5e087ee2ca (webtiles) character file.

Game seed: 13596661249664813624

70 qw the Shooter (level 4, -3/25 HPs)
             Began as a Deep Elf Hunter on June 23, 2023.
             Slain by a gnoll
             ... wielding a +0 spear
              (7 damage)
             ... on level 4 of the Dungeon.
             The game lasted 00:00:40 (2641 turns).

qw the Shooter (Deep Elf Hunter)                    Turns: 2641, Time: 00:00:40

Health: -3/25      AC:  5    Str: 10    XL:     4   Next: 4%
Magic:  6/6        EV: 11    Int: 14    God:
Gold:   161        SH:  0    Dex: 18    Spells: 3/3 levels left

rFire   . . .        Y - +1 shortbow
rCold   . . .        (shield currently unavailable)
rNeg    . . .        a - +0 ring mail
rPois   .            (no helmet)
rElec   .            (no cloak)
rCorr   .            (no gloves)
SInv    .            (no boots)
Will    .....        (no amulet)
Stlth   +            (no ring)
HPRegen 0.24/turn    (no ring)
MPRegen 0.10/turn

%: no passive effects
@: no status effects
A: no striking features
a: no special abilities


You were on level 4 of the Dungeon.
You visited 1 branch of the dungeon, and saw 4 of its levels.

You collected 184 gold pieces.
You spent 23 gold pieces at shops.


   Skills:
 - Level 1.5 Fighting
 + Level 7.4 Ranged Weapons
 - Level 2.4 Dodging
 - Level 1.2 Stealth


You had 3 spell levels left.
You didn't know any spells.
Your spell library was empty.

Inventory:

Hand Weapons
 Y - a +1 shortbow (weapon)
Armour
 a - a +0 ring mail (worn)
Potions
 b - a potion of heal wounds {unknown}
 d - a potion of enlightenment
 f - a potion of haste

Dungeon Overview and Level Annotations

Branches:
Dungeon (4/15)
 Temple: D:4-7

Altars:

Shops:
D:1 *   D:3 :(

Annotations:
D:3 1 runed translucent door, Crazy Yiuf


Message History

You see here a +1 dagger of draining.
There is a stone staircase leading down here.
You climb downwards.
The adder hisses angrily.
The kobold shouts!
Found a ring mail and a scroll of teleportation.
Found a stone staircase leading up.
There is a stone staircase leading up here.
There are monsters nearby!
Waypoint 3 assigned to D:4.
You shoot an arrow. The kobold shouts!
The ball python hisses angrily.
The arrow hits the ball python.
You kill the ball python!
You hear a shout!
A gnoll comes into view. It is wielding a +0 spear.
You shoot an arrow. The arrow barely misses the kobold.
The gnoll shouts!
A gnoll comes into view. It is wielding a +0 flail.
The kobold throws a poisoned dart.
The poisoned dart barely misses you.
You shoot an arrow. The arrow hits the adder.
The adder is lightly wounded.
A goblin comes into view. It is wielding a +0 dagger.
You shoot an arrow. The arrow barely misses the adder.
The adder misses you. The kobold hits you with a +0 whip.
A sleepcap comes into view.
The adder misses you.
You shoot an arrow. The arrow barely misses the adder.
A jackal comes into view.
The kobold barely misses you. The adder barely misses you.
You shoot an arrow. The jackal barks!
The arrow hits the adder.
The adder is heavily wounded.
The adder bites you but does no damage.
The gnoll hits you from afar with a +0 halberd!
The gnoll hits you but does no damage.
The goblin throws a stone.
The stone barely misses you. The kobold hits you but does no damage.
The adder barely misses you. The kobold hits you but does no damage.
The gnoll hits you with a +0 flail! The kobold closely misses you.
The gnoll hits you from afar with a +0 spear!
You die...

...#..#.. .
##... ?..# ..
...#h...#. ...
...#gf... ....
.....#...
.....##...[...#
.....gg........
.....gK@K..#
....g.S<...#
..............#
.##..#.......##
........#...#
.........##...#
##. .#.... #...
....#.... .##


You could see a sleepcap, 4 gnolls, an adder, a jackal, a goblin and 2 kobolds.

Vanquished Creatures
  2 adders
  2 dart slugs
  4 bats
  2 endoplasms
  2 giant cockroaches
  4 goblins
  7 hobgoblins
  5 jackals
  2 quokkas (D:2)
  6 ball pythons
  4 frilled lizards
  2 kobolds
  2 rats
44 creatures vanquished.

Notes
Turn   | Place    | Note
-------+----------+-------------------------------------------
     0 | D:1      | qw the Deep Elf Hunter began the quest for the Orb.
     0 | D:1      | Reached XP level 1. HP: 12/12 MP: 3/3
     0 | D:1      | 0 ||| qw: Version: 0.3-a-9-g12657ce
     0 | D:1      | 0 ||| qw: Game counter: 4117
     0 | D:1      | 0 ||| qw: Always use a shield: true
     0 | D:1      | 0 ||| qw: God list: Okawaru
     0 | D:1      | 0 ||| qw: Allow faded altars: false
     0 | D:1      | 0 ||| qw: Do Orc after D:15 true
     0 | D:1      | 0 ||| qw: Do second Lair branch before Depths: true
     0 | D:1      | 0 ||| qw: Lair rune preference: random
     0 | D:1      | 0 ||| qw: Plans: Normal
     0 | D:1      | 0 ||| PLANNING D:1-11
   372 | D:1      | Reached XP level 2. HP: 16/16 MP: 4/4
   384 | D:1      | Found Qeodif's Assorted Antiques.
   387 | D:1      | 387 ||| SHOPLISTING 2 coppery potions (46 gold, have 37).
   387 | D:1      | 387 ||| BUYING amethyst potion (23 gold).
   387 | D:1      | Bought an amethyst potion for 23 gold pieces
   387 | D:1      | 387 ||| SHOPLISTING cloak (117 gold, have 14).
   387 | D:1      | 387 ||| SHOPLISTING crooked iron wand (104 gold, have 14).
   387 | D:1      | 387 ||| SHOPLISTING scroll labelled BAS WIBUCIOT (26 gold,
                  | have 14).
   387 | D:1      | 387 ||| SHOPLISTING scroll labelled HOTIALE XUUWN (26 gold,
                  | have 14).
   387 | D:1      | 387 ||| SHOPLISTING scroll labelled VAC SASHEPROGANOYH (26
                  | gold, have 14).
   402 | D:1      | Reached skill level 6 in Ranged Weapons
   475 | D:1      | Found a faded altar of an unknown god.
   901 | D:1      | 901 ||| READING scroll labelled VAC SASHEPROGANOYH.
   902 | D:1      | 902 ||| READING scroll labelled ICYSMY EPHYQY.
   906 | D:1      | 906 ||| DRINKING 2 amethyst potions.
   907 | D:1      | 907 ||| DRINKING 2 murky ruby potions.
   908 | D:1      | 908 ||| DROPPING scroll of butterflies.
   909 | D:1      | 909 ||| DROPPING potion of attraction.
   992 | D:2      | Reached XP level 3. HP: 20/20 MP: 5/5
  1468 | D:2      | Reached skill level 7 in Ranged Weapons
  1736 | D:2      | 1736 ||| DROPPING scarf of invisibility.
  1737 | D:2      | 1737 ||| READING scroll labelled HOTIALE XUUWN.
  1738 | D:2      | 1738 ||| READING scroll labelled RUJEGA LIRIQ.
  1739 | D:2      | 1739 ||| READING scroll labelled ASINIMI JOHAM.
  1740 | D:2      | 1740 ||| DRINKING 2 coppery potions.
  2080 | D:3      | Found Rifost's Weapon Boutique.
  2185 | D:3      | Identified the +0 robe "Rexit" {Str+3 Dex+2}
  2289 | D:3      | Reached XP level 4. HP: 25/25 MP: 6/6
  2317 | D:3      | Found a runed translucent door.
  2317 | D:3      | Identified the +6 hammer "Ygiqom" {heavy, rC- Dex+5}
  2318 | D:3      | Noticed Crazy Yiuf
  2461 | D:3      | Found Gokeexy's Book Boutique.
  2585 | D:3      | 2585 ||| UPGRADING to +0 ring mail.
  2595 | D:3      | 2595 ||| DROPPING +0 leather armour.
  2596 | D:3      | 2596 ||| DROPPING +0 robe "Rexit" {Str+3 Dex+2}.
  2597 | D:3      | 2597 ||| READING scroll labelled EDYVOGR PA XOM.
  2598 | D:3      | 2598 ||| READING scroll labelled BAS WIBUCIOT.
  2641 | D:4      | HP: 4/25 [gnoll/+0 flail (8)]
  2641 | D:4      | Slain by a gnoll

Levels and vault maps discovered:
D:1:      evilmike_arrival_rings, layout_loops_corners,
          hellmonk_ecumenical_altar_heavens_door, serial_shops,
          nicolae_shop_pleasant_corner_grove
D:2:      layout_basic
D:3:      layout_loops_corners, serial_shops, shop, shop, minmay_misc_feat_rows,
          uniq_crazy_yiuf_cottage
D:4:      layout_cave_pools, minmay_increasing_density

Skill      XL: |  1  2  3 |
---------------+----------+-----
Ranged Weapons | 6 7 |  7.4
Fighting       | |  1.5
Dodging        | |  2.4
Stealth        | |  1.2

Action                     |  1- 3 |  4- 6 || total
---------------------------+-------+-------++-------
   Fire: Shortbow          |   106 |     7 ||   113
    Use: Scroll            |     5 |     2 ||     7
         Potion            |     3 |       ||     3
 Armour: Leather armour    |     5 |       ||     5
         Ring mail         |       |     4 ||     4
  Dodge: Dodged            |    14 |     8 ||    22

Table legend:
 A = Non-vault XP
 B = Vault XP
 C = Vault XP percentage of total XP
 D = Non-vault monster count
 E = Vault monster count
 F = Vault count percentage of total count
                 A         B        C        D         E       F
            +---------+---------+-------+---------+---------+-------
      Total |     101 |       0 |   0.0 |      44 |       0 |   0.0
            +---------+---------+-------+---------+---------+-------
        D:1 |      25 |       0 |   0.0 |      13 |       0 |   0.0
        D:2 |      44 |       0 |   0.0 |      20 |       0 |   0.0
        D:3 |      30 |       0 |   0.0 |      10 |       0 |   0.0
        D:4 |       2 |       0 |   0.0 |       1 |       0 |   0.0
            +---------+---------+-------+---------+---------+-------
